 Dungeon Crawl Stone Soup version 0.21-a0-529-g8c7b3f5 (webtiles) character file.

163 Gerstahl the Slasher (level 5, -9/42 HPs)
             Began as a Human Monk on Dec 10, 2017.
             Killed by nerve-wracking pain
             ... invoked by Grinder
              (11 damage)
             ... while paralysed by Grinder
             ... on level 3 of the Dungeon.
             The game lasted 00:05:09 (3478 turns).

Gerstahl the Slasher (Human Monk)                   Turns: 3478, Time: 00:05:10

Health: -9/42      AC:  4    Str: 11    XL:     5   Next: 73%
Magic:  5/5        EV:  2    Int: 16    God:
Gold:   200        SH:  0    Dex: 16    Spells: 4/4 levels left

rFire    . . .     SeeInvis .   w - +2 falchion (drain)
rCold    . . .     Gourm    .   (no shield)
rNeg     . . .     Faith    .   m - +0 robe (curse)
rPois    +         Spirit   .   x - +0 helmet (curse)
rElec    .         Reflect  .   (no cloak)
rCorr    +         Harm     .   z - +0 pair of gloves
MR       .....                  (no boots)
Stlth    ++........             (no amulet)
HPRegen  0.14/turn              n - ring of resist corrosion
MPRegen  0.09/turn              u - ring of poison resistance

@: paralysed, brilliant, hasted, drained
A: no striking features
a: no special abilities


You were on level 3 of the Dungeon.
You were not hungry.

You visited 1 branch of the dungeon, and saw 3 of its levels.

You collected 200 gold pieces.

Inventory:

Hand Weapons
 a - a +0 falchion
 w - a +2 falchion of draining (weapon)
Armour
 b - a +0 robe
 m - a cursed +0 robe (worn)
 x - a cursed +0 helmet (worn)
 z - a +0 pair of gloves (worn)
Jewellery
 n - a ring of resist corrosion (left hand)
 u - a ring of poison resistance (right hand)
Scrolls
 d - 4 scrolls of identify {unknown}
 e - 2 scrolls of fog {unknown}
 g - a scroll of amnesia {unknown}
 h - a scroll of fear {unknown}
 l - a scroll of noise {unknown}
 q - a scroll of remove curse {unknown}
 s - a scroll of enchant weapon {unknown}
 t - a scroll of teleportation {unknown}
 y - 2 scrolls of magic mapping {unknown}
Potions
 j - a potion of curing
 r - a potion of might {unknown}
 v - a potion of magic {unknown}
Comestibles
 c - 2 bread rations
 k - a royal jelly
 o - 2 meat rations


   Skills:
 + Level 4.1(3.7) Fighting
 + Level 4.2(3.7) Long Blades
 + Level 4.2(3.8) Dodging
 - Level 2.0(1.6) Stealth


You had 4 spell levels left.
You didn't know any spells.

Dungeon Overview and Level Annotations

Branches:
Dungeon (3/15)

Altars:
Dithmenos

Annotations:
D:3 Grinder


Message History

You slash Grinder!
Grinder is almost dead.
Grinder hits you.
You writhe in agony.
* * * LOW HITPOINT WARNING * * *
You hit Grinder.
Grinder is almost dead.
You hit Grinder.
Grinder is almost dead.
Grinder blinks!
Grinder gestures at you.
You suddenly lose the ability to move!
Grinder gestures at you. Pain shoots through your body!
* * * LOW HITPOINT WARNING * * *
Grinder gestures at you.
You shrug off the repeated paralysis!
Grinder blinks!
Grinder gestures at you. Pain shoots through your body!
You die...

.(. .##.#.....#.# ##....
...
..##......#.#######.#...
(.
...................###..
......5.....#######.#...
..##........#####....#..
.##.#.............###### .
####.#.#...............#..
..
....#.##÷..§...###.###.#..
..# .....##.#@.....# #.#
#.#.# .# .......#)#.....#
#.# #.... .#
........##.....###.###..##
#
..........#.............##
...
...............###.####.#.
#
############............#.
#..............
###.###.######. #.# #.# #.


You could see Grinder.

Vanquished Creatures
  Terence (D:3)
  Robin (D:3)
  5 adders
  An ooze (D:1)
  2 worms
  A dart slug (D:1)
  A leopard gecko (D:3)
  An orc (D:3)
  A giant cockroach (D:2)
  11 hobgoblins
  9 jackals
  5 quokkas
  2 bats (D:1)
  5 frilled lizards
  9 goblins
  7 kobolds
  6 rats
68 creatures vanquished.

Notes
Turn   | Place    | Note
-------+----------+-------------------------------------------
     0 | D:1      | Gerstahl the Human Monk began the quest for the Orb.
     0 | D:1      | Reached XP level 1. HP: 18/18 MP: 1/1
    86 | D:1      | Reached XP level 2. HP: 24/24 MP: 2/2
   476 | D:1      | Reached XP level 3. HP: 26/29 MP: 3/3
  1271 | D:2      | Reached XP level 4. HP: 36/36 MP: 4/4
  1300 | D:2      | Found a shadowy altar of Dithmenos.
  2544 | D:3      | Reached XP level 5. HP: 24/42 MP: 5/5
  2735 | D:3      | Noticed Robin
  2782 | D:3      | Killed Robin
  2802 | D:3      | Noticed Terence
  3153 | D:3      | Killed Terence
  3204 | D:3      | Noticed Grinder
  3441 | D:3      | Paralysed by Grinder for 7 turns
  3460 | D:3      | HP: 2/42 [Grinder (6)]
  3474 | D:3      | Paralysed by Grinder for 5 turns
  3475 | D:3      | HP: 1/42 [Grinder/nerve-wracking pain (10)]
  3478 | D:3      | Killed from afar by Grinder

Vault maps used:
D:1:      nzn_arrival_water_spiral, minmay_tromino_v4_c
D:2:      nicolae_dithmenos_shadow_blocks, kennysheep_small_spiral,
          minmay_goblin_kobold_house
D:3:      first_bread, minmay_misc_feat_secret_circle, uniq_grinder,
          uniq_terence, uniq_robin

Skill      XL: |  1  2  3  4  5 |
---------------+----------------+-----
Dodging        | 4 |  4.2
Fighting       | 4 |  4.1
Long Blades    | 4 |  4.2
Stealth        | |  2.0

Action                   |  1- 3 |  4- 6 || total
-------------------------+-------+-------++-------
Melee: Falchion          |    57 |   181 ||   238
  Use: Potion            |       |     6 ||     6
 Stab: Sleeping          |     6 |     4 ||    10
  Eat: Chunk             |     1 |     6 ||     7
       Royal jelly       |       |     1 ||     1
Armor: Robe              |    11 |    21 ||    32
Dodge: Dodged            |    40 |   123 ||   163
       Rpst.: Falchion   |    14 |    46 ||    60

Table legend:
 A = Spawn XP
 B = Non-spawn XP
 C = Spawn XP percentage of total XP
 D = Spawn monster count
 E = Non-spawn monster count
 F = Spawn count percentage of total count
 G = Total turns spent on level
                    A         B        C        D         E        F      G
               +---------+---------+-------+---------+---------+-------+---------
         Total |       0 |     234 |   0.0 |       0 |      68 |   0.0 |  3478
               +---------+---------+-------+---------+---------+-------+---------
           D:1 |       0 |      39 |   0.0 |       0 |      21 |   0.0 |   896
           D:2 |       0 |      72 |   0.0 |       0 |      19 |   0.0 |  1416
           D:3 |       0 |     123 |   0.0 |       0 |      28 |   0.0 |  1166
               +---------+---------+-------+---------+---------+-------+---------
